 Dungeon Crawl Stone Soup version 0.22-a0-617-g6d95e9e (webtiles) character file.

196 Hebeh the Magician (level 5, -3/28 HPs)
             Began as a Deep Elf Fire Elementalist on July 12, 2018.
             Slain by a scorpion (6 damage)
             ... on level 4 of the Dungeon.
             The game lasted 00:17:10 (4104 turns).

Hebeh the Magician (Deep Elf Fire Elementalist)     Turns: 4104, Time: 00:17:11

Health: -3/28      AC:  3    Str:  5    XL:     5   Next: 45%
Magic:  0/13       EV: 13    Int: 21    God:
Gold:   93         SH:  0    Dex: 15    Spells: 4/13 levels left

rFire    . . .     SeeInvis .   b - +0 hunting sling
rCold    . . .     Gourm    .   (no shield)
rNeg     . . .     Faith    .   l - +0 robe
rPois    .         Spirit   .   y - +0 helmet
rElec    .         Reflect  .   (no cloak)
rCorr    .         Harm     .   (no gloves)
MR       .....                  (no boots)
Stlth    ++........             (no amulet)
HPRegen  0.09/turn              (no ring)
MPRegen  0.13/turn              (no ring)

@: no status effects
A: no striking features
a: no special abilities


You were on level 4 of the Dungeon.
You were not hungry.

You visited 1 branch of the dungeon, and saw 4 of its levels.

You collected 93 gold pieces.

Inventory:

Hand Weapons
 a - a +1 dagger of flaming
 b - a +0 hunting sling (weapon)
 g - a +0 whip
 p - a +0 short sword
 t - a +0 spear
 v - a +0 trident
Missiles
 f - 113 stones
 o - 44 arrows
 r - 20 sling bullets (quivered)
Armour
 l - a +0 robe (worn)
 s - a +0 buckler
 y - a +0 helmet (worn)
Scrolls
 m - a scroll of fear {unknown}
 u - 2 scrolls of blinking {unknown}
 w - 2 scrolls of noise {unknown}
 x - 4 scrolls of remove curse {unknown}
 z - a scroll of enchant armour {unknown}
Potions
 d - 2 potions of berserk rage {unknown}
 e - a potion of agility {unknown}
 h - 2 potions of brilliance {unknown}
 i - a potion of flight {unknown}
 j - a potion of resistance {unknown}
 k - a potion of haste {unknown}
 n - a potion of curing
 q - a potion of degeneration {unknown}
Comestibles
 c - 11 rations


   Skills:
 - Level 2.4 Dodging
 - Level 2.4 Stealth
 + Level 4.6 Spellcasting
 * Level 4.2 Conjurations
 + Level 4.4 Fire Magic


You had 4 spell levels left.
You knew the following spells:

 Your Spells              Type           Power        Failure   Level  Hunger
a - Flame Tongue          Conj/Fire      ###..        1%          1    None
b - Throw Flame           Conj/Fire      ###...       2%          2    #......
c - Conjure Flame         Conj/Fire      ###.....     5%          3    ##.....
d - Inner Flame           Hex/Fire       ##......     14%         3    ##.....

Your spell library contained the following spells:

 Spells                   Type           Power        Failure   Level  Hunger
 Fireball                 Conj/Fire      ###.......   45%         5    ######.
 Sticky Flame             Conj/Fire      ###.....     19%         4    ####...


Dungeon Overview and Level Annotations

Branches:
Dungeon (4/15)
 Temple: D:4-7

Altars:
Ashenzari
Fedhas
Kikubaaqudgha
Makhleb
Qazlal
Zin


Message History

Casting: Flame Tongue (safe; 1% risk of failure)
Confirm with . or Enter, or press ? or * to list all spells.
Aiming: Flame Tongue (safe; 1% risk of failure)
Press: ? - help, Shift-Dir - straight line, f - howler monkey skeleton
Aim: a howler monkey skeleton The flame tongue misses the howler monkey skeleton.
The scorpion stings you.
* * * LOW HITPOINT WARNING * * *
The jackal closely misses you.
The howler monkey skeleton closely misses you.
Casting: Flame Tongue (safe; 1% risk of failure)
Confirm with . or Enter, or press ? or * to list all spells.
Aiming: Flame Tongue (safe; 1% risk of failure)
Press: ? - help, Shift-Dir - straight line, f/p - howler monkey skeleton
Aim: a howler monkey skeleton The flame tongue misses the howler monkey skeleton.
The jackal bites you.
* * * LOW HITPOINT WARNING * * *
The scorpion stings you.
You die...

#. #.# ( #.#### ≈(
#.##.. ... ###
#.##.# §.§§ ..#
#.##.#
§....##.#####.##.###
§§....Zs...........#
#.§.#@#####.##.#.#
##...h.#####.##.#.#
(......^...##.##.#.#
(.....####.#...#.#.#
.....# #.......#.#
.###. ###...###.# #
##.## #.# #.# #.#
#.# #.#


You could see a scorpion, a jackal and a howler monkey skeleton.

Vanquished Creatures
  A hound (D:4)
  Robin (D:3)
  3 adders
  An ooze (D:1)
  2 worms
  4 dart slugs
  2 leopard geckos
  4 orcs
  6 giant cockroaches
  19 goblins
  16 hobgoblins
  12 jackals
  A quokka (D:3)
  5 bats
  5 frilled lizards
  9 kobolds
  7 rats
98 creatures vanquished.

Notes
Turn   | Place    | Note
-------+----------+-------------------------------------------
     0 | D:1      | Hebeh the Deep Elf Fire Elementalist began the quest for the Orb.
     0 | D:1      | Reached XP level 1. HP: 10/10 MP: 6/6
   493 | D:1      | Reached XP level 2. HP: 11/15 MP: 2/8
  1311 | D:2      | Reached XP level 3. HP: 19/19 MP: 7/10
  1363 | D:2      | Found a burning altar of Makhleb.
  1698 | D:2      | Reached XP level 4. HP: 21/24 MP: 6/11
  2276 | D:2      | Found a glowing silver altar of Zin.
  2276 | D:2      | Noticed an angel
  2424 | D:2      | Found a stormy altar of Qazlal.
  2566 | D:3      | Learned a level 2 spell: Throw Flame
  2570 | D:3      | Learned a level 3 spell: Conjure Flame
  2574 | D:3      | Learned a level 3 spell: Inner Flame
  2589 | D:3      | Noticed Robin
  3096 | D:3      | Killed Robin
  3223 | D:3      | Found a shattered altar of Ashenzari.
  3396 | D:3      | Found a blossoming altar of Fedhas.
  3622 | D:3      | Reached XP level 5. HP: 25/28 MP: 9/13
  3851 | D:3      | Found an ancient bone altar of Kikubaaqudgha.
  4104 | D:4      | Slain by a scorpion

Vault maps used:
D:1:      dpeg_arrival_fog
D:2:      nicolae_qazlal_eye_of_the_storm, zin_angel, old_standard_altar,
          first_ration, guppyfry_early_orc_mine
D:3:      fedhas_altar_fruit_tree, lemuel_coloured_pillars_altar,
          kiku_gazebo_garden_becter, uniq_robin
D:4:      minmay_shop_grid_forest, kennysheep_doodads, nicolae_alphabet_shops,
          uniq_crazy_yiuf_cottage, uniq_ijyb

Skill      XL: |  1  2  3  4  5 |
---------------+----------------+-----
Conjurations   | 2 3 4 |  4.2
Spellcasting   | 4 |  4.6
Fire Magic     | 4 |  4.4
Dodging        | |  2.4
Stealth        | |  2.4

Action                   |  1- 3 |  4- 6 || total
-------------------------+-------+-------++-------
Melee: Unarmed           |    11 |       ||    11
       Dagger            |       |     1 ||     1
 Fire: Hunting sling     |       |    33 ||    33
Throw: Stone             |    46 |    34 ||    80
 Cast: Flame Tongue      |    64 |    76 ||   140
       Throw Flame       |       |    11 ||    11
       Inner Flame       |       |     1 ||     1
  Eat: Chunk             |     2 |     4 ||     6
       Ration            |       |     1 ||     1
Armor: Robe              |     1 |     4 ||     5
Dodge: Dodged            |    10 |    32 ||    42

Table legend:
 A = Spawn XP
 B = Non-spawn XP
 C = Spawn XP percentage of total XP
 D = Spawn monster count
 E = Non-spawn monster count
 F = Spawn count percentage of total count
 G = Total turns spent on level
                    A         B        C        D         E        F      G
               +---------+---------+-------+---------+---------+-------+---------
         Total |       0 |     280 |   0.0 |       0 |      98 |   0.0 |  4104
               +---------+---------+-------+---------+---------+-------+---------
           D:1 |       0 |      39 |   0.0 |       0 |      21 |   0.0 |  1309
           D:2 |       0 |      85 |   0.0 |       0 |      36 |   0.0 |  1454
           D:3 |       0 |     101 |   0.0 |       0 |      34 |   0.0 |  1259
           D:4 |       0 |      55 |   0.0 |       0 |       7 |   0.0 |    82
               +---------+---------+-------+---------+---------+-------+---------
